 Dungeon Crawl Stone Soup version 0.29.1-1-gd02db69 (webtiles) character file.

Game seed: 3332568518024326335

8607 Timinator the Martial Artist (level 10, -38/99 HPs)
             Began as a Demigod Transmuter on Dec 22, 2022.
             Annihilated by a boulder beetle (41 damage)
             ... on level 1 of the Lair of Beasts.
             The game lasted 00:35:49 (11669 turns).

Timinator the Martial Artist (Demigod Transmuter)  Turns: 11669, Time: 00:35:50

Health: -38/99     AC:  7    Str: 15    XL:     10   Next: 88%
Magic:  21/21      EV: 14    Int: 15    God:
Gold:   850        SH:  0    Dex: 22    Spells: 12/19 levels left

rFire   x . .      SeeInvis .     - Unarmed
rCold   + + +      Faith    .   (shield currently unavailable)
rNeg    . . .      Spirit   .   (body armour currently unavailable)
rPois   +          Reflect  .   (helmet currently unavailable)
rElec   .          Harm     .   (cloak currently unavailable)
rCorr   .          Rampage  .   (gloves currently unavailable)
Will    +....                   (boots currently unavailable)
Stlth   ++........              g - amulet of magic regeneration
HPRegen 0.26/turn               m - ring of wizardry
MPRegen 0.57/turn               t - ring of poison resistance

@: ice-form, wereblooded (expiring)
A: freezing attack, amphibious, boosted hp, large, high MP 1, forlorn, divine
attributes
a: End Transformation


You were on level 1 of the Lair of Beasts.
You were a creature of crystalline ice.
You visited 2 branches of the dungeon, and saw 9 of its levels.
You also visited: Sewer and Ossuary.

You collected 850 gold pieces.

Inventory:

Missiles
 A - 18 poisoned darts
 G - a throwing net
Armour
 n - a +0 pair of boots (melded)
 r - a +0 pair of gloves (melded)
 E - a +0 cloak (melded)
 H - a +4 ring mail (melded)
Jewellery
 f - a ring of positive energy
 g - an amulet of magic regeneration (around neck)
 m - a ring of wizardry (left front paw)
 o - a ring of ice
 q - a ring of positive energy
 t - a ring of poison resistance (right front paw)
 B - a ring of resist corrosion
Wands
 i - a wand of paralysis (10)
 y - a wand of light (3)
Scrolls
 c - 2 scrolls of teleportation {unknown}
 d - a scroll of butterflies {unknown}
 h - 3 scrolls of amnesia {unknown}
 k - 2 scrolls of enchant weapon
 p - 2 scrolls of silence {unknown}
 u - a scroll of brand weapon {unknown}
 w - 2 scrolls of vulnerability {unknown}
 C - 2 scrolls of noise {unknown}
 F - a scroll of identify
 I - a scroll of magic mapping {unknown}
Potions
 a - 4 potions of flight
 b - 2 potions of attraction
 e - 2 potions of lignification
 j - 5 potions of curing
 v - a potion of invisibility {unknown}
 x - 2 potions of brilliance
 z - a potion of haste
 D - a potion of resistance {unknown}


   Skills:
 * Level 5.7 Fighting
 - Level 3.0 Armour
 * Level 6.5 Dodging
 - Level 0.3 Stealth
 + Level 8.4 Unarmed Combat
 + Level 5.3 Spellcasting
 * Level 7.3 Transmutations
 * Level 4.8 Ice Magic


You had 12 spell levels left.
You knew the following spells:

 Your Spells              Type           Power      Damage    Failure   Level
a - Wereblood             Tmut           26%        N/A       1%          2
b - Beastly Appendage     Tmut           52%        N/A       1%          1
c - Ice Form              Ice/Tmut       22%        N/A       5%          4

Your spell library contained the following spells:

 Spells                   Type           Power      Damage    Failure   Level
 Spider Form              Tmut/Pois      15%        N/A       4%          3
 Magic Dart               Conj           16%        1d3       6%          1
 Searing Ray              Conj           8%         2d4       10%         2
 Fulminant Prism          Conj/Hex       2%         3d6       50%         4


Dungeon Overview and Level Annotations

Branches:
Dungeon (8/15)             Temple (0/1) D:7            Lair (1/5) D:8
  Sewer (visited)         Ossuary (visited)

Shops:
D:1 (

Annotations:
D:3 1 runed translucent door, PelicanTaco's ghost, amateur MiFi


Innate Abilities, Weirdness & Mutations

You are a creature of crystalline ice.
You have a powerful freezing melee attack.
You are amphibious.
Your maximum health is increased.
Your armour is entirely melded.
You are incapable of wielding weapons or throwing items.
You have an increased reservoir of magic. (+10% MP)
You shall have no god before yourself.
Your divine heritage dramatically boosts your attributes as you level up.


Message History

The torpor snail is almost dead.
The torpor snail bites you!!
* * * LOW HITPOINT WARNING * * *
You hit the torpor snail but do no damage.
The torpor snail is almost dead.
The torpor snail closely misses you.
A boulder beetle comes into view.
You feel much better. The torpor snail closely misses you.
You hit the torpor snail. You freeze the torpor snail.
You feel a bit better.
You kill the torpor snail!
You feel yourself speed up.
The boulder beetle waves its antennae.
The boulder beetle curls into a ball and begins rolling!
Casting: Ice Form (dangerous; 5% risk of failure)
Confirm with . or Enter, or press ? or * to list all spells.
You don't know that spell.
Unknown command.
You hit the boulder beetle. You freeze the boulder beetle.
The boulder beetle is lightly wounded.
The boulder beetle barely misses you.
The boulder beetle stops rolling and uncurls.
You hit the boulder beetle but do no damage.
The boulder beetle is lightly wounded.
The boulder beetle bites you.
* * * LOW HITPOINT WARNING * * *
You hit the boulder beetle but do no damage.
The boulder beetle is lightly wounded.
The boulder beetle bites you!!
* * * LOW HITPOINT WARNING * * *
You hear an angry hiss.
Okay, then.
Blink to where?
Press: ? - help, Dir - move target
Found a scroll of identify.
As you read the scroll of blinking, it crumbles to dust.
The boulder beetle curls into a ball and begins rolling!
Found a dagger.
Your primal bloodlust is almost over.
The boulder beetle hits you!!!
You die...

# ### .# .P# # .#
+#w# +. ####.# ?#.#
#.##....# ##.#
#...○#.)# ..P ..
#.#B#○#.###'###....
.#Y#B#○.§B......##
##.##.°####.##.....
#.#.#?##...####..[.
##.#.#####..........
#.#.#.(.#.#.#.##....
#..#†#..####.#.#....
##...#.#.............
#.....#.#.#######....
#.#..#.#.#.# ....


You could see a boulder beetle (rolling).

Vanquished Creatures
  A hydra (Lair:1)
  A two-headed ogre (D:8)
  Pikel (D:7)
  A torpor snail (Lair:1)
  A cane toad (Lair:1)
  Grinder (D:6)
  A hornet (D:7)
  Sigmund (D:4)
  8 yaks
  Eustachio (D:4)
  2 wyverns
  A basilisk (Lair:1)
  3 black bears
  5 orc warriors
  An ice beast (D:8)
  6 wolves (D:8)
  A lemure (D:7)
  2 ogres
  2 kobold brigands
  3 bullfrogs
  A wyvern zombie (D:8)
  A gnoll sergeant (D:8)
  4 scorpions
  2 necrophages (D:7)
  11 wights (D:8)
  3 howler monkeys
  3 centaur zombies (D:8)
  A hound (D:5)
  2 jellies
  4 orc priests
  9 orc wizards
  2 iguanas
  A killer bee zombie (D:8)
  8 mummies (Ossuary)
  13 adders
  3 gnolls
  A shadow imp (D:5)
  4 white imps
  3 ufetubi
  A worm (D:2)
  4 dart slugs
  37 orcs
  10 bats
  13 endoplasms
  11 giant cockroaches
  2 gnoll zombies (Ossuary)
  5 goblins
  8 hobgoblins
  11 jackals (D:1)
  16 quokkas
  17 ball pythons
  10 frilled lizards
  3 hobgoblin zombies (Ossuary)
  17 kobolds
  A kobold zombie (Ossuary)
  2 orc zombies (Ossuary)
  6 rats
  A spectral hobgoblin (D:5)
  A spectral orc (D:5)
295 creatures vanquished.

Vanquished Creatures (others)
  A fungus (Lair:1)
  5 plants
  6 withered plants
12 creatures vanquished.

Grand Total: 307 creatures vanquished

Notes
Turn   | Place    | Note
-------+----------+-------------------------------------------
     0 | D:1      | Timinator the Demigod Transmuter began the quest for the
                  | Orb.
     0 | D:1      | Reached XP level 1. HP: 15/15 MP: 5/5
    14 | D:1      | Found Xysora's Weapon Shop.
    31 | D:1      | Reached skill level 1 in Fighting
   195 | D:1      | Reached XP level 2. HP: 18/23 MP: 5/7
   504 | D:1      | Reached skill level 3 in Unarmed Combat
   865 | D:1      | Reached XP level 3. HP: 28/28 MP: 8/8
   931 | D:1      | Learned a level 2 spell: Wereblood
  1026 | D:1      | Reached skill level 1 in Armour
  1431 | D:2      | HP: 2/42 [poisoned by an adder]
  1996 | D:2      | Reached XP level 4. HP: 35/35 MP: 9/9
  2631 | D:3      | Found a runed translucent door.
  2636 | D:3      | Noticed PelicanTaco's ghost (amateur MiFi)
  3657 | D:4      | Reached XP level 5. HP: 41/41 MP: 11/11
  3676 | D:4      | Found a glowing drain.
  3691 | Sewer    | Entered a sewer
  4299 | Sewer    | Reached XP level 6. HP: 21/48 MP: 12/12
  4674 | D:4      | Learned a level 4 spell: Ice Form
  4678 | D:4      | Noticed Sigmund
  4721 | D:4      | Killed Sigmund
  4863 | D:4      | Noticed Eustachio
  4870 | D:4      | Killed Eustachio
  4871 | D:4      | Reached skill level 4 in Unarmed Combat
  4871 | D:4      | Reached XP level 7. HP: 56/56 MP: 12/14
  5233 | D:5      | Entered Level 5 of the Dungeon
  5741 | D:5      | Noticed a wyvern
  5752 | D:5      | Killed a wyvern
  6129 | D:5      | You fall into a shaft and drop 1 floor!
  6137 | D:6      | Found a sand-covered staircase.
  6142 | Ossuary  | Entered an ossuary
  6245 | Ossuary  | Reached XP level 8. HP: 53/63 MP: 16/16
  6866 | D:6      | Reached skill level 5 in Unarmed Combat
  6879 | D:6      | Reached skill level 1 in Ice Magic
  7278 | D:6      | Noticed Grinder
  7323 | D:6      | Killed Grinder
  7324 | D:6      | Reached skill level 5 in Transmutations
  8053 | D:7      | Found a staircase to the Ecumenical Temple.
  8252 | D:7      | Reached XP level 9. HP: 51/71 MP: 18/18
  8254 | D:7      | Reached skill level 6 in Unarmed Combat
  8257 | D:7      | Noticed Pikel
  8273 | D:7      | Killed Pikel
  8276 | D:7      | Reached skill level 5 in Dodging
  8636 | D:7      | Paralysed by a hornet for 1 turns
  9497 | D:8      | Reached skill level 7 in Unarmed Combat
 10122 | D:8      | Noticed a two-headed ogre
 10131 | D:8      | Killed a two-headed ogre
 10132 | D:8      | Reached XP level 10. HP: 26/80 MP: 20/20
 10194 | D:8      | Reached skill level 5 in Fighting
 11050 | D:8      | Reached skill level 5 in Spellcasting
 11315 | D:8      | Found a staircase to the Lair.
 11348 | Lair:1   | Entered Level 1 of the Lair of Beasts
 11362 | D:8      | Reached skill level 8 in Unarmed Combat
 11645 | Lair:1   | Noticed a torpor snail
 11645 | Lair:1   | Noticed a six-headed hydra
 11654 | Lair:1   | Killed a six-headed hydra
 11657 | Lair:1   | HP: 2/99 [torpor snail (18)]
 11658 | Lair:1   | Noticed a boulder beetle
 11660 | Lair:1   | Killed a torpor snail
 11663 | Lair:1   | HP: 1/99 [boulder beetle (27)]
 11669 | Lair:1   | Annihilated by a boulder beetle

Illustrated notes

Levels and vault maps discovered:
D:1:      minmay_arrival_radiant_lines, layout_basic, serial_shops,
          nicolae_diamond_shop, shapermc_ecumenical_altar_flowoftime,
          st_stairs_12, solitary_fountain, hex_large, palyth_stone_intersect
D:2:      layout_basic, minmay_distorted
D:3:      layout_loops_ring, nicolae_overflow_squiral, ebering_ghost_inner_flame
D:4:      layout_loops_corners, mainiacjoe_overflow_cross_hatched,
          mainiacjoe_overflow_six_doors_small, gup_sewer_entry_pipe,
          uniq_sigmund, uniq_eustachio
D:5:      layout_loops_ring, nicolae_hepliaklqana_monster_ancestors,
          yredelemnul_forgotten_temple_becter,
          mainiacjoe_overflow_large_starburst, bloody_makhleb,
          hangedman_decor_clover_reticule
D:6:      layout_basic, mainiacjoe_overflow_24_doors, enter_ossuary_2,
          hangedman_glass_teeth, uniq_grinder
D:7:      layout_basic, minmay_temple_entry_tees, uniq_pikel
D:8:      layout_rooms, lair_entry_dummy, serial_undead, serial_undead_d,
          serial_undead_d, serial_undead_c, serial_undead_d, special_room
          [special_room_orc]
Lair:1:   minmay_lair_venomous_thicket, layout_regular_city, basic_altar,
          minmay_shattered_shrine, grunt_megastairs_2, serial_bayou_shore_a

Skill      XL: |  1  2  3  4  5  6  7  8  9 10 |
---------------+-------------------------------+-----
Fighting       | 1 2 3 4 5 |  5.7
Spellcasting   | 2 3 4 5 |  5.3
Dodging        | 2 3 4 5 6 |  6.5
Unarmed Combat | 3 4 5 7 8 |  8.4
Transmutations | 2 3 4 5 6 7 |  7.3
Armour         | 1 2 3 |  3.0
Ice Magic      | 2 3 4 |  4.8
Stealth        | |  0.3

Action                   |  1- 3 |  4- 6 |  7- 9 | 10-12 || total
-------------------------+-------+-------+-------+-------++-------
Melee: Unarmed           |   158 |   198 |   406 |   158 ||   920
       Kick              |    33 |    57 |   109 |    40 ||   239
       Headbutt          |    12 |    31 |    74 |    26 ||   143
       Punch             |     3 |     3 |    16 |    11 ||    33
 Cast: Beastly Appendage |    33 |    40 |    43 |     8 ||   124
       Wereblood         |     1 |     2 |    20 |    11 ||    34
       Ice Form          |       |     2 |     2 |     5 ||     9
  Use: Potion            |     1 |       |    11 |     2 ||    14
       Scroll            |       |     4 |     5 |     1 ||    10
 Stab: Sleeping          |     3 |     1 |       |       ||     4
       Distracted        |       |       |     2 |       ||     2
Armor: Robe              |    11 |       |       |       ||    11
       Leather armour    |    23 |    61 |     2 |       ||    86
       Skin              |     1 |     1 |    39 |    17 ||    58
       Ring mail         |       |       |    84 |    26 ||   110
Dodge: Dodged            |   106 |   148 |   207 |   103 ||   564
